 Dungeon Sprint DCSS version 0.30-a0-311-gf115ab0292 (webtiles) character file.

Game seed: 12747877586990628541

63 rocky1 the Ruffian (level 3, 0/28 HPs)
             Began as a Draconian Transmuter on Oct 26, 2022.
             Slain by an ice beast (13 damage)
             ... in the Dungeon (Sprint IX: "|||||||||||||||||||||||||||||").
             The game lasted 00:00:24 (139 turns).

rocky1 the Ruffian (Draconian Transmuter)            Turns: 139, Time: 00:00:24

Health: 0/28       AC:  5    Str: 12    XL:     3   Next: 89%
Magic:  3/8        EV: 12    Int: 15    God:
Gold:   0          SH:  0    Dex: 11    Spells: 8/9 levels left

rFire   . . .      SeeInvis .      - Unarmed
rCold   . . .      Faith    .    (no shield)
rNeg    . . .      Spirit   .    (body armour unavailable)
rPois   .          Reflect  .    (helmet currently unavailable)
rElec   .          Harm     .    (no cloak)
rCorr   .          Rampage  .    (no gloves)
Will    .....      NoTele   +    (boots currently unavailable)
Stlth   +.........               (no amulet)
HPRegen 0.24/turn                (no ring)
MPRegen 0.11/turn                (no ring)

@: appendages (expiring)
A: horns 2, talons 2, AC +5, unfitting armour, cold-blooded
a: End Transformation


You were in the Dungeon.
You had temporarily grown beastly horns and talons.
You visited 1 branch

Inventory:

Scrolls
 g - a scroll of blinking
Potions
 a - a potion of lignification
 b - a potion of curing
 d - a potion of haste
 e - 2 potions of magic
 f - a potion of berserk rage


   Skills:
 + Level 1.1 Fighting
 + Level 3.0 Dodging
 + Level 0.3 Stealth
 + Level 6.2 Unarmed Combat
 + Level 3.5 Spellcasting
 + Level 3.4 Transmutations


You had 8 spell levels left.
You knew the following spells:

 Your Spells              Type           Power      Damage    Failure   Level
a - Beastly Appendage     Tmut           26%        N/A       4%          1

Your spell library contained the following spells:

 Spells                   Type           Power      Damage    Failure   Level
 Wereblood                Tmut           13%        N/A       7%          2
 Spider Form              Tmut/Pois      7%         N/A       28%         3
 Ice Form                 Ice/Tmut       7%         N/A       67%         4


Dungeon Overview and Level Annotations

Branches:
Dungeon (1/1)

Altars:


Innate Abilities, Weirdness & Mutations

You have temporarily grown beastly horns and talons.
Your plain brown scales are hard. (AC +5)
You cannot fit into any form of body armour.
You are cold-blooded and may be slowed by cold attacks.


Message History

Your transformation is almost over.
The adder closely misses you.
You barely miss the adder. The adder bites you.
You are poisoned.
The adder poisons you!
You punch the adder! Your kick misses the adder.
The adder is severely wounded.
You feel sick. The adder bites you.
You are more poisoned.
The adder poisons you!
You hit the adder.
The adder is almost dead.
You feel sick.
The adder bites you but does no damage. x2
You punch the adder!
You kill the adder!
You feel sick.
Your Unarmed Combat skill increases to level 6!
Unknown command.
You closely miss the adder. Your kick misses the adder.
You feel sick. The adder barely misses you.
The adder bites you but does no damage.
You punch the adder! Your kick misses the adder. You headbutt the adder.
You tail-slap the adder, but do no damage.
The adder is almost dead.
You feel sick. The adder closely misses you.
You closely miss the adder. You tail-slap the adder.
You kill the adder!
You feel sick.
Your Dodging skill increases to level 3!
You closely miss the ice beast.
You punch the ice beast, but do no damage.
You feel sick.
You barely miss the ice beast. Your kick misses the ice beast.
You headbutt the ice beast, but do no damage.
You feel sick.
You are no longer poisoned.
The ice beast barely misses you.
You punch the ice beast!
The ice beast is moderately wounded.
The ice beast hits you. The ice beast freezes you!
You die... ▓▓▓▓▓▓▓▓▓▓▓▓▓▓▓▓▓▓ +.....Y@....'...<▓ ▓▓▓▓▓▓▓▓▓▓▓▓▓▓▓▓▓▓

You could see an ice beast.

Vanquished Creatures
  A jelly (D)
  3 adders (D)
  A giant cockroach (D)
  3 ball pythons (D)
  A rat (D)
9 creatures vanquished.

Notes
Turn   | Place    | Note
-------+----------+-------------------------------------------
     0 | D        | rocky1 the Draconian Transmuter began the quest for the
                  | Orb.
     0 | D        | Reached XP level 1. HP: 16/16 MP: 3/3
   122 | D        | Noticed an ice beast
   122 | D        | Noticed a jelly
   125 | D        | Reached skill level 4 in Unarmed Combat
   125 | D        | Reached XP level 2. HP: 23/23 MP: 2/5
   128 | D        | Reached skill level 5 in Unarmed Combat
   128 | D        | Reached XP level 3. HP: 11/28 MP: 2/7
   134 | D        | Reached skill level 6 in Unarmed Combat
   139 | D        | Slain by an ice beast

Illustrated notes

Levels and vault maps discovered:
D:        linesprint [early_d, line_temple, items_1, d_10, items_2, lair_1,
          lair_end, items_3, orc_1, orc_end, items_4, d_15, swamp_1, shoals_1,
          snake_1, spider_1, d_20, vaults_1, items_5, swamp_end, shoals_end,
          snake_end, spider_end, vaults_end, d_27, items_6, zot_1, zot_end,
          crypt_end, forest_end, elf_end, slime_end, tomb_end, abyss_end,
          pan_hell_end]

Skill      XL: |  1  2  3 |
---------------+----------+-----
Dodging        | 2 3 |  3.0
Unarmed Combat | 4 5 6 |  6.2
Spellcasting   | 3 |  3.5
Transmutations | 3 |  3.4
Fighting       | |  1.1
Stealth        | |  0.3

Action                   || total
-------------------------++-------
Melee: Unarmed           ||    26
       Kick              ||     3
       Headbutt          ||     5
       Tailslap          ||     3
       Punch             ||     1
 Cast: Beastly Appendage ||     2
  Use: Potion            ||     1
Armor: Skin              ||     8
Dodge: Dodged            ||    15

Table legend: (Time is in decaauts)
 A = Elapsed time spent in this place.
 B = Non-inter-level travel time spent in this place.
 C = Inter-level travel time spent in this place.
 D = Time resting spent in this place.
 E = Time spent auto-exploring this place.
 F = Levels seen in this place.
 G = Mean time per level.
                   A        B        C        D        E       F      G
               +--------+--------+--------+--------+--------+-----+--------+
         Total |    136 |    136 |      0 |    100 |      0 |   1 |  136.0 |
       Dungeon |    136 |    136 |      0 |    100 |      0 |   1 |  136.0 |
               +--------+--------+--------+--------+--------+-----+--------+

Top non-repeatable levels by time:
       D: 136 daAuts
